 Dungeon Crawl Stone Soup version 0.30-a0-465-g8901f6c8b5 (webtiles) character file.

Game seed: 8616740726487768550

32162 avis the Cruncher (level 13, -10/100 HPs)
             Began as a Demigod Ice Elementalist on Dec 17, 2022.
             Mangled by a torpor snail (50 damage)
             ... on level 2 of the Lair of Beasts on Dec 18, 2022.
             The game lasted 02:44:57 (21383 turns).

avis the Cruncher (Demigod Ice Elementalist)       Turns: 21383, Time: 02:44:57

Health: -10/100    AC: 15    Str: 22    XL:     13   Next: 2%
Magic:  14/21      EV:  2    Int: 12    God:
Gold:   903        SH:  0    Dex: 24    Spells: 6/18 levels left

rFire   + . .      SeeInvis .    a - +12 quarterstaff "Spiderbane" {pain, rPois Dex+3}
rCold   . . .      Faith    .    (shield currently unavailable)
rNeg    . . .      Spirit   .    J - +2 robe {Archmagi}
rPois   +          Reflect  +    (no helmet)
rElec   +          Harm     .    Q - +1 cloak {Stlth+}
rCorr   .          Rampage  .    i - +0 pair of gloves "Zeilocux" {rElec Str+9 Int-5 Dex-5}
Will    +....      Archmagi +    P - +0 pair of boots
Stlth   ++++......               H - amulet of reflection
HPRegen 0.36/turn                K - ring of wizardry
MPRegen 0.17/turn                s - ring of protection from fire

@: ice-armoured, sleeping, freezing walls, slowed
A: high MP 1, forlorn, divine attributes
a: no special abilities


You were on level 2 of the Lair of Beasts.
You visited 3 branches of the dungeon, and saw 13 of its levels.
You also visited: Bailey.

You collected 903 gold pieces.

Inventory:

Hand Weapons
 a - the +12 quarterstaff "Spiderbane" (weapon) {pain, rPois Dex+3}
   (You found it in a bailey)

   In the hands of one skilled in necromantic magic, it inflicts extra damage on
   living creatures.
   Dex:       It affects your dexterity (+3).
   rPois:     It protects you from poison.
 b - a +0 arbalest
 c - a +0 shortbow
 g - a +6 short sword of freezing
 v - a +3 flail
 w - a +3 quarterstaff of chaos
Missiles
 O - 2 throwing nets
Armour
 i - the +0 pair of gloves "Zeilocux" (worn) {rElec Str+9 Int-5 Dex-5}
   (You found it on level 7 of the Dungeon)

   Str:       It affects your strength (+9).
   Int:       It affects your intelligence (-5).
   Dex:       It affects your dexterity (-5).
   rElec:     It insulates you from electricity.
 G - a +1 robe of fire resistance
 J - a +2 robe of the Archmagi (worn)
 P - a +0 pair of boots (worn)
 Q - a +1 cloak of stealth (worn)
Jewellery
 s - a ring of protection from fire (right hand)
 H - an amulet of reflection (around neck)
 K - a ring of wizardry (left hand)
Wands
 p - a wand of flame (59)
 r - a wand of light (10)
 A - a wand of roots (12)
 M - a wand of mindburst (7)
 N - a wand of digging (6)
Scrolls
 d - a scroll of butterflies {unknown}
 f - a scroll of blinking {unknown}
 h - 3 scrolls of silence {unknown}
 o - 2 scrolls of brand weapon {unknown}
 t - a scroll of noise {unknown}
 y - 2 scrolls of fog {unknown}
 B - 4 scrolls of teleportation
 E - 2 scrolls of fear {unknown}
 T - a scroll of magic mapping {unknown}
 U - a scroll of amnesia {unknown}
 V - 3 scrolls of vulnerability {unknown}
Potions
 e - 2 potions of lignification
 j - 3 potions of attraction
 k - a potion of heal wounds
 l - 4 potions of ambrosia {unknown}
 m - 2 potions of might {unknown}
 n - 2 potions of magic
 q - 2 potions of resistance {unknown}
 u - 3 potions of brilliance
 x - 9 potions of curing
 z - 2 potions of cancellation {unknown}
 C - 4 potions of flight
 D - a potion of invisibility {unknown}
 F - 3 potions of berserk rage
 R - a potion of degeneration {unknown}
Miscellaneous
 I - a condenser vane
 L - a phantom mirror


   Skills:
 - Level 5.0 Fighting
 * Level 12.3 Staves
 - Level 10.0 Ranged Weapons
 - Level 5.0 Dodging
 - Level 2.0 Stealth
 - Level 4.0 Shields
 - Level 3.0 Spellcasting
 + Level 8.8 Necromancy
 - Level 8.0 Ice Magic


You had 6 spell levels left.
You knew the following spells:

 Your Spells              Type           Power      Damage    Failure   Level
a - Freeze                Ice            100%       1d10      1%          1
e - Wereblood             Tmut           2%         N/A       16%         2
o - Ozocubu's Armour      Ice            31%        N/A       1%          3
r - Frozen Ramparts       Ice            62%        1d10      1%          3
v - Vampiric Draining     Necr           34%        2d8       1%          3

Your spell library contained the following spells:

 Spells                   Type           Power      Damage    Failure   Level
 Necrotise                Necr           100%       1d9       1%          1
 Cigotuvi's Dreadful Rot  Necr/Pois/Air  26%        N/A       4%          2
 Apportation              Tloc           4%         N/A       10%         1
 Beastly Appendage        Tmut           4%         N/A       10%         1
 Magic Dart               Conj           8%         1d3       10%         1
 Slow                     Hex            8%         N/A       10%         1
 Summon Small Mammal      Summ           8%         N/A       10%         1
 Call Imp                 Summ           2%         N/A       16%         2
 Poisonous Vapours        Pois/Air       4%         N/A       16%         2
 Summon Ice Beast         Ice/Summ       17%        N/A       19%         4
 Confusing Touch          Hex            2%         N/A       28%         3
 Kindle Blastsparks       Fire/Tloc/Air  4%         2d10      28%         3
 Mephitic Cloud           Conj/Pois/Air  2%         N/A       28%         3
 Spider Form              Tmut/Pois      2%         N/A       28%         3
 Metabolic Englaciation   Hex/Ice        8%         N/A       45%         5
 Fulminant Prism          Conj/Hex       1%         3d5       65%         4
 Iskenderun's Mystic Bla  Conj/Tloc      2%         2d3       65%         4
 Petrify                  Tmut/Erth      2%         N/A       65%         4
 Lee's Rapid Deconstruct  Erth           1%         3d4*      92%         5
 Statue Form              Tmut/Erth      1%         N/A       100%        6


Dungeon Overview and Level Annotations

Branches:
Dungeon (10/15)            Temple (1/1) D:7            Lair (2/5) D:9
 Bailey (visited)
  Swamp: Lair:2-3    Shoals: Lair:2-3     Snake: Lair:2-3    Spider: Lair:2-3
    Orc: D:9-12

Annotations:
D:4 2 runed translucent doors, VibeKiller's ghost, amateur SpEn
D:6 glass case


Innate Abilities, Weirdness & Mutations

You have an increased reservoir of magic. (+10% MP)
You shall have no god before yourself.
Your divine heritage dramatically boosts your attributes as you level up.


Message History

You fall asleep.
The dream sheep bites you but does no damage.
The dream sheep bites you!!
You wake up.
Casting: Ozocubu's Armour (safe; 1% risk of failure)
Confirm with . or Enter, or press ? or * to list all spells.
Casting: Frozen Ramparts (safe; 1% risk of failure)
Press: ? - help, Dir - look around, f - activate You feel a surge of power!
The walls around you are covered in ice.
You feel sick.
You are no longer poisoned.
The wall freezes the dream sheep!
The dream sheep closely misses you.
The wall freezes the dream sheep.
The wall freezes the dream sheep! x2
You block the dream sheep's attack.
You thump the dream sheep!
The dream sheep writhes in agony!
You kill the dream sheep!
The wall freezes the dream sheep!
You block the dream sheep's attack.
The wall freezes the dream sheep!
The wall freezes the dream sheep.
The dream sheep barely misses you.
A water moccasin comes into view.
You sock the dream sheep!
The dream sheep is severely wounded.
The wall freezes the dream sheep.
The dream sheep misses you.
The wall freezes the dream sheep but does no damage.
The dream sheep closely misses you.
The wall freezes the dream sheep!
You block the dream sheep's attack.
You thump the dream sheep!
You kill the dream sheep!
The wall freezes the dream sheep.
The dream sheep shake their wool and sparkle.
You feel drowsy...
You fall asleep.
The wall freezes the dream sheep!
You kill the dream sheep!
The wall freezes the torpor snail but does no damage.
You have reached level 13!
The wall freezes the dream sheep.
You kill the dream sheep!
The wall freezes the torpor snail!
The torpor snail bites you!!!
Ouch! That really hurt!
You die...

......#........ ..
####....##..... ..
...###.....P# ## ..
.###........# ## #.#
.+###.....##...####.###...
...#......###....#........
....#....###............PP
.<.8#...## ###..†>........
....#...# #....@#........
.8..#...# ##...#w........
†###....#####.####S.......
......##..[...#####.......
......#.....>...## #......
.....P#..........# ......
.....##..........## ......
......#.(.........## .....
.....#.............# #....


You could see a torpor snail and a water moccasin.

Vanquished Creatures
  Erolcha (D:9)
  A centaur warrior (D:9)
  A two-headed ogre (D:9)
  3 death yaks (D:8)
  Amaemon (D:10)
  Pikel (D:5)
  2 centaur zombies (D:10)
  2 black mambas (Lair:1)
  Joseph (D:7)
  9 cane toads
  2 torpor snails (Lair:2)
  Maggie (D:6)
  An unseen horror zombie (D:10)
  2 rime drakes
  An orange demon (D:10)
  A komodo dragon (Lair:1)
  A kobold demonologist (D:10)
  A hornet (D:10)
  Prince Ribbit (D:6)
  Grinder (D:5)
  3 blink frogs (Lair:1)
  7 dream sheep (Lair:2)
  3 wraiths
  51 yaks
  2 wyverns
  Grum (D:8)
  A basilisk (Lair:2)
  3 steam dragons
  Menkaure (D:5)
  2 acid dragons
  12 water moccasins
  18 orc warriors
  An ice beast (D:6)
  2 sky beasts
  2 black bears (Lair:1)
  2 ogres (D:5)
  13 centaurs
  16 wolves
  2 phantoms
  2 kobold brigands (D:8)
  Blork the orc (D:5)
  9 bullfrogs
  A necrophage (D:3)
  3 scorpions
  16 wights
  12 killer bees
  4 howler monkeys
  A human zombie (D:10)
  5 hounds
  6 orc priests
  Crazy Yiuf (D:5)
  Natasha (thrice) (D:2)
  5 iguanas
  10 orc wizards
  5 mummies (D:10)
  6 adders
  3 gnolls (D:5)
  A white imp (D:6)
  2 ufetubi
  5 dart slugs
  53 orcs
  3 bats (D:1)
  6 endoplasms
  5 giant cockroaches
  8 hobgoblins
  3 quokkas
  8 ball pythons
  2 frilled lizards
  6 goblins
  11 kobolds
  5 rats
387 creatures vanquished.

Vanquished Creatures (others)
  8 fungi
  14 plants
22 creatures vanquished.

Grand Total: 409 creatures vanquished

Notes
Turn   | Place    | Note
-------+----------+-------------------------------------------
     0 | D:1      | avis the Demigod Ice Elementalist began the quest for the
                  | Orb.
     0 | D:1      | Reached XP level 1. HP: 14/14 MP: 5/5
   346 | D:1      | Reached XP level 2. HP: 20/20 MP: 4/7
  1090 | D:2      | Noticed Natasha
  1095 | D:2      | Killed Natasha
  1096 | D:2      | Reached skill level 1 in Fighting
  1096 | D:2      | Reached XP level 3. HP: 21/28 MP: 2/9
  1100 | D:2      | Learned a level 3 spell: Frozen Ramparts
  1104 | D:2      | Learned a level 3 spell: Ozocubu's Armour
  1375 | D:2      | Noticed Natasha
  1395 | D:2      | Killed Natasha
  1699 | D:2      | Noticed Natasha
  1703 | D:2      | Killed Natasha
  1704 | D:2      | Reached XP level 4. HP: 27/35 MP: 3/10
  1991 | D:2      | Reached skill level 5 in Ice Magic
  3863 | D:4      | Found a large runed translucent door.
  3863 | D:4      | Found a large runed translucent door.
  4039 | D:4      | Noticed a phantom
  4045 | D:4      | Noticed a necrophage
  4071 | D:3      | Killed a necrophage
  4072 | D:3      | Reached XP level 5. HP: 9/41 MP: 4/12
  4376 | D:4      | Reached XP level 6. HP: 34/48 MP: 7/13
  4446 | D:4      | Noticed VibeKiller's ghost (amateur SpEn)
  5138 | D:5      | Entered Level 5 of the Dungeon
  5325 | D:5      | Reached skill level 1 in Ranged Weapons
  5416 | D:5      | Noticed Pikel
  5434 | D:5      | Reached XP level 7. HP: 18/57 MP: 11/14
  5434 | D:5      | Killed Pikel
  5437 | D:5      | Reached XP level 8. HP: 21/63 MP: 11/15
  5918 | D:5      | Found a runed translucent door.
  5919 | D:5      | Noticed Crazy Yiuf
  5926 | D:5      | Killed Crazy Yiuf
  5927 | D:5      | Reached skill level 5 in Ranged Weapons
  6084 | D:5      | Noticed Grinder
  6109 | D:5      | Killed Grinder
  6214 | D:5      | Noticed Blork the orc
  6222 | D:5      | Killed Blork the orc
  6709 | D:5      | Learned a level 2 spell: Wereblood
  6940 | D:6      | Noticed Maggie
  6947 | D:6      | Noticed Menkaure
  6957 | D:6      | Killed Maggie
  6958 | D:6      | Reached XP level 9. HP: 14/70 MP: 4/16
  7355 | D:5      | Killed Menkaure
  7644 | D:6      | Reached skill level 1 in Shields
  7824 | D:6      | Noticed Prince Ribbit
  7830 | D:6      | Killed Prince Ribbit
  7884 | D:6      | HP: 3/71 [something (11)]
  8790 | D:7      | Found a staircase to the Ecumenical Temple.
  8802 | Temple   | Entered the Ecumenical Temple
  8997 | D:6      | Reached skill level 5 in Fighting
  9017 | D:7      | Noticed Joseph
  9301 | D:7      | Found a flagged portal.
  9318 | Bailey   | Entered a bailey
  9546 | Bailey   | Reached skill level 5 in Dodging
 10591 | Bailey   | Reached XP level 10. HP: 73/81 MP: 11/17
 11836 | Bailey   | Identified the +12 quarterstaff "Spiderbane" {pain, rPois
                  | Dex+3}
 12111 | D:7      | Identified the +0 pair of gloves "Zeilocux" {rElec Str+9
                  | Int-5 Dex-5}
 12142 | D:7      | Killed Joseph
 12143 | D:7      | Reached skill level 10 in Ranged Weapons
 13545 | D:8      | Reached skill level 1 in Staves
 13562 | D:8      | Noticed Grum
 13572 | D:8      | Reached skill level 1 in Necromancy
 13574 | D:8      | Killed Grum
 13575 | D:8      | Reached skill level 2 in Staves
 14277 | D:8      | Reached skill level 3 in Staves
 14349 | D:9      | Noticed Erolcha
 14370 | D:9      | Killed Erolcha
 14540 | D:9      | Identified the +1 buckler of Yceupiebof {rElec rPois rF-
                  | rN+}
 14611 | D:9      | Noticed a death yak
 14729 | D:9      | Noticed a death yak
 14748 | D:8      | Killed a death yak
 14749 | D:8      | Reached skill level 4 in Staves
 14981 | D:8      | Killed a death yak
 14982 | D:8      | Reached skill level 5 in Staves
 14982 | D:8      | Reached XP level 11. HP: 23/86 MP: 13/19
 15169 | D:9      | Noticed a death yak
 15279 | D:8      | Killed a death yak
 15667 | D:9      | Noticed a two-headed ogre
 15679 | D:9      | Killed a two-headed ogre
 15680 | D:9      | Reached skill level 6 in Staves
 16020 | D:9      | Noticed a centaur warrior
 16051 | D:9      | Reached skill level 7 in Staves
 16054 | D:9      | Killed a centaur warrior
 16055 | D:9      | Reached skill level 5 in Necromancy
 16301 | D:9      | Found a staircase to the Lair.
 16435 | D:9      | Learned a level 3 spell: Vampiric Draining
 16472 | Lair:1   | Entered Level 1 of the Lair of Beasts
 16522 | D:10     | Entered Level 10 of the Dungeon
 16704 | D:10     | Reached skill level 8 in Staves
 17320 | D:10     | Reached skill level 9 in Staves
 17570 | D:10     | Noticed Amaemon
 17582 | D:10     | Killed Amaemon
 17817 | Lair:1   | Reached XP level 12. HP: 94/94 MP: 16/20
 18154 | Lair:1   | Reached skill level 10 in Staves
 18819 | Lair:1   | Reached skill level 11 in Staves
 20879 | Lair:2   | Reached skill level 12 in Staves
 21382 | Lair:2   | Reached XP level 13. HP: 39/100 MP: 13/21
 21383 | Lair:2   | Mangled by a torpor snail

Illustrated notes

Levels and vault maps discovered:
D:1:      dpeg_arrival_orchard, layout_basic
D:2:      layout_basic, hellmonk_ecumenical_altar_blasted,
          minmay_misc_feat_enclosed, kennysheep_decorative_pillar,
          chequers_jeans, uniq_natasha
D:3:      layout_basic, mainiacjoe_overflow_cross_hatched,
          minmay_misc_feat_doors, chequers_serial_rivers_room_a, st_stairs_11
D:4:      layout_gridville, general_overflow_altar, ebering_ghost_disaster_area
D:5:      layout_basic, minivault_14, uniq_pikel, uniq_blork_the_orc,
          uniq_grinder, uniq_crazy_yiuf_cottage
D:6:      layout_basic, mainiacjoe_overflow_alcove_2, due_unseen_surprise,
          uniq_menkaure, uniq_maggie, uniq_prince_ribbit1
D:7:      layout_rooms, mainiacjoe_overflow_boulevard, temple_doors_e,
          enter_bailey_2, uniq_joseph
D:8:      layout_loops_cross, uniq_grum
D:9:      layout_cave_pools, dpeg_lair_monsters, grunt_tough_drop, uniq_erolcha
D:10:     layout_irregular_city, lemuel_mausoleum_altar_kikubaaqudgha,
          minmay_increasing_density, uniq_amaemon
Temple:   minmay_temple_bridge_d
Lair:1:   layout_roguey, enter_volcano_4, beast_lair_carwin_6,
          serial_bayou_shore_a, lemuel_fruit_tree, infiniplex_staircase_pool_2
Lair:2:   layout_cave_pods, grunt_megastairs_2

Skill      XL: |  1  2  3  4  5  6  7  8  9 10 11 12 |
---------------+-------------------------------------+-----
Ice Magic      | 4 5 6 7 8 |  8.0
Spellcasting   | 2 3 |  3.0
Fighting       | 1 2 3 5 |  5.0
Dodging        | 3 5 |  5.0
Stealth        | 2 |  2.0
Ranged Weapons | 2 4 8 10 | 10.0
Shields        | 4 |  4.0
Staves         | 5 9 12 | 12.3
Necromancy     | 3 6 8 |  8.8

Action                   |  1- 3 |  4- 6 |  7- 9 | 10-12 | 13-15 || total
-------------------------+-------+-------+-------+-------+-------++-------
Melee: Dagger            |     2 |       |     1 |       |       ||     3
       Falchion          |       |    29 |       |       |       ||    29
       Morningstar       |       |       |    18 |     3 |       ||    21
       Quarterstaff      |       |       |       |   445 |       ||   445
 Fire: Sling             |     4 |   131 |   367 |   224 |       ||   726
       Shortbow          |       |       |       |   130 |       ||   130
       Arbalest          |       |       |       |    45 |       ||    45
 Cast: Freeze            |    32 |     3 |     9 |       |       ||    44
       Frozen Ramparts   |     6 |    34 |    52 |    75 |       ||   167
       Ozocubu's Armour  |     2 |     9 |    48 |   100 |       ||   159
Evoke: Wand              |       |       |       |     2 |       ||     2
  Use: Potion            |       |     1 |     2 |     5 |       ||     8
       Scroll            |       |       |     4 |     5 |       ||     9
 Stab: Sleeping          |       |       |       |     4 |       ||     4
       Distracted        |       |       |       |     1 |       ||     1
Armor: Robe              |     6 |    15 |       |    94 |       ||   115
       Leather armour    |       |    14 |    22 |       |       ||    36
       Acid dragon scale |       |       |    16 |    34 |       ||    50
Dodge: Dodged            |     5 |    49 |   129 |   377 |       ||   560
Block: Buckler           |     3 |    31 |   136 |    31 |       ||   201
       Reflection        |       |       |     8 |     6 |       ||    14
       Other             |       |       |       |    97 |       ||    97

Table legend: (Time is in decaauts)
 A = Elapsed time spent in this place.
 B = Non-inter-level travel time spent in this place.
 C = Inter-level travel time spent in this place.
 D = Time resting spent in this place.
 E = Time spent auto-exploring this place.
 F = Levels seen in this place.
 G = Mean time per level.
                   A        B        C        D        E       F      G
               +--------+--------+--------+--------+--------+-----+--------+
         Total |  21517 |  19557 |   1960 |   8507 |   5737 |  14 | 1536.9 |
       Dungeon |  16108 |  14396 |   1712 |   6311 |   4699 |  10 | 1610.8 |
        Temple |     42 |     37 |      5 |      0 |      0 |   1 |   42.0 |
          Lair |   2586 |   2344 |    242 |    630 |    930 |   2 | 1293.0 |
        Bailey |   2779 |   2779 |      0 |   1566 |    107 |   1 | 2779.0 |
               +--------+--------+--------+--------+--------+-----+--------+

Top non-repeatable levels by time:
  Bailey: 2779 daAuts
     D:5: 2302 daAuts
     D:8: 2185 daAuts
    D:10: 1891 daAuts
     D:3: 1726 daAuts
     D:7: 1616 daAuts
  Lair:1: 1589 daAuts
     D:9: 1422 daAuts
     D:6: 1419 daAuts
     D:2: 1298 daAuts
     D:1: 1148 daAuts
     D:4: 1097 daAuts
  Lair:2: 997 daAuts
  Temple: 42 daAuts
